 Dungeon Crawl Stone Soup version 0.17.1-1-g73c8601 (webtiles) character file.

20494 HEYYEYAAE the Magus (level 12, -5/67 HPs)
             Began as a Spriggan Fighter on Dec 28, 2015.
             Was an Elder of Nemelex Xobeh.
             Slain by a sun demon (18 damage)
             ... summoned by a kobold demonologist
             ... on level 13 of the Dungeon.
             The game lasted 00:45:21 (18128 turns).

HEYYEYAAE the Magus (Spriggan Fighter)             Turns: 18128, Time: 00:45:22

Health: -5/67      AC:  5    Str: 23    XL:     12   Next: 45%
Magic:  22/22      EV: 32    Int:  9    God:    Nemelex Xobeh [****..]
Gold:   372        SH:  0    Dex: 23    Spells: 1 memorised, 8 levels left

rFire  . . .     SeeInvis +     n - +2 trident (venom)
rCold  . . .     Clarity  .     x - +2 robe {Archmagi}
rNeg   + . .     SustAt   .     (shield currently unavailable)
rPois  +         Gourm    .     B - +0 hat
rElec  .         Spirit   .     m - +0 cloak
rCorr  .         Warding  .     (gloves unavailable)
rMut   .         Stasis   .     (boots unavailable)
MR     ++...                    I - amulet of the Shining Light {Regen+ Str+4 Dex+6}
Stlth  ++........               O - ring of positive energy
                                H - +3 ring of strength

@: very quick, very resistant to hostile enchantments, unstealthy
A: unfitting armour, see invisible, herbivore 3, speed 3, poison resistance,
slow metabolism 2
a: Triple Draw, Deal Four, Renounce Religion


You were on level 13 of the Dungeon.
You worshipped Nemelex Xobeh.
Nemelex Xobeh was greatly pleased with you.
You were not hungry.

You visited 2 branches of the dungeon, and saw 16 of its levels.
You also visited: Labyrinth and Ossuary.

You collected 1256 gold pieces.
You spent 884 gold pieces at shops.

Inventory:

Hand Weapons
 n - a +2 trident of venom (weapon)
Missiles
 f - 157 arrows
Armour
 m - a +0 cloak (worn)
 x - a +2 robe of the Archmagi (worn)
 B - a +0 hat (worn)
 E - a +0 shadow dragon armour
Jewellery
 g - an uncursed ring of poison resistance
 i - an uncursed amulet of guardian spirit
 j - an uncursed amulet of warding
 l - a +4 ring of intelligence
 s - an uncursed ring of positive energy
 F - an uncursed ring of stealth
 H - a +3 ring of strength (left hand)
 I - the amulet of the Shining Light (around neck) {Regen+ Str+4 Dex+6}
   (You bought it in a shop on level 11 of the Dungeon)

   [amulet of regeneration]

   It affects your strength (+4).
   It affects your dexterity (+6).
   It increases your rate of regeneration.
 L - an uncursed ring of protection from cold
 N - an uncursed ring of fire {unknown}
 O - a ring of positive energy (right hand)
 Q - the ring "Yquuh" {*Drain rF+++ rC+ MR- Int+2}
   (You found it in a labyrinth)

   [ring of protection from cold]

   It affects your intelligence (+2).
   It renders you almost immune to fire.
   It protects you from cold.
   It affects your resistance to hostile enchantments.
   It causes draining when unequipped.
Wands
 r - a wand of flame (17)
 M - a wand of confusion (14)
Scrolls
 b - 2 scrolls of enchant armour
 o - 3 scrolls of fog
 u - 7 scrolls of remove curse
 w - a scroll of identify
 y - 2 scrolls of amnesia
Potions
 a - a potion of haste
 c - a potion of berserk rage
 e - 2 potions of ambrosia
 h - 5 potions of magic
 q - a potion of flight
 t - 2 potions of lignification
 A - 3 potions of curing
 G - a potion of cancellation
 J - a potion of agility
Books
 v - a Necronomicon

   Spells                             Type                      Level
   a - Haunt                          Necromancy/Summoning         7
   b - Borgnjor's Revivification      Necromancy                   8
   c - Death's Door                   Charms/Necromancy            8
   d - Necromutation                  Transmutation/Necromancy     8
 C - a book of Envenomations

   Spells                             Type                      Level
   a - Spider Form                    Transmutation/Poison         3
   b - Alistair's Intoxication        Transmutation/Poison         4
   c - Olgreb's Toxic Radiance        Poison                       4
   d - Poisonous Cloud                Conjuration/Poison/Air       6
 K - a book of Air

   Spells                             Type                      Level
   a - Shock                          Conjuration/Air              1
   b - Swiftness                      Charms/Air                   2
   c - Repel Missiles                 Charms/Air                   2
   d - Static Discharge               Conjuration/Air              3
   e - Lightning Bolt                 Conjuration/Air              5
 R - a book of Enchantments

   Spells                             Type                      Level
   a - Cause Fear                     Hexes                        4
   b - Silence                        Hexes/Air                    5
   c - Deflect Missiles               Charms/Air                   6
   d - Haste                          Charms                       6
   e - Discord                        Hexes                        8
Miscellaneous
 k - a plain deck of defence
 z - a plain deck of escape {drawn: 2}
 D - a legendary deck of war {drawn: 4}
 P - a legendary deck of war
Comestibles
 d - 8 bread rations
 p - 32 fruits


   Skills:
 * Level 9.9 Fighting
 * Level 6.4 Armour
 + Level 12.0 Dodging
   Level 2.1 Shields
 + Level 6.7 Unarmed Combat
 + Level 1.6 Spellcasting
 + Level 1.5 Charms
 * Level 13.2 Evocations


You had 8 spell levels left.
You knew the following spells:

 Your Spells              Type           Power        Failure   Level  Hunger
a - Haste                 Chrm           #.......     100%        6    #######


Dungeon Overview and Level Annotations

Branches:
Dungeon (13/15)            Temple (0/1) D:6            Lair (0/8) D:11
    Orc (3/4) D:9
    Elf: Orc:3-4     Vaults: D:13-14

Altars:
Ashenzari
Dithmenos
Elyvilon
Fedhas
Makhleb
Nemelex Xobeh
Okawaru
Sif Muna
Trog
Vehumet
Xom
Yredelemnul

Shops:
D:4 (   D:11 =


Innate Abilities, Weirdness & Mutations

You are tiny and cannot use many weapons and most armour.
You have supernaturally acute eyesight.
You are a herbivore.
You cover ground extremely quickly.
You need consume almost no food.
Your system is resistant to poisons.


Message History

The ufetubus completely misses you. The ufetubus misses you.
The sun demon completely misses you. The ufetubus closely misses you.
The ufetubus completely misses you.
The kobold demonologist casts a spell.
The soul eater completely misses you. The sun demon hits you!
You are engulfed in flames!
You barely miss the kobold demonologist.
The kobold demonologist is lightly wounded.
The ufetubus completely misses you. x2
The ufetubus hits you. The ufetubus completely misses you.
The kobold demonologist completely misses you.
The soul eater completely misses you. The sun demon completely misses you.
The ufetubus completely misses you. x2
Read which item? (? for menu, Esc to quit)
Okay, then.
The sun demon hits you!!
* * * LOW HITPOINT WARNING * * *
You are engulfed in flames!!
You die...
Your body glows slightly and disappears.

##....# #.....+ #.....#
#.....# #. #.5...##+#
####. #......... ....
#..K....# #...
#.535...# #...
#3@5....# #...
#.......# #...##
#.......# #.....
#.......#++###.....
#..................
#..................
#####..................
#.....######...........
##....# #...........


You could see a soul eater, a sun demon, a kobold demonologist, a quasit, a
crimson imp and 2 ufetubi.

Vanquished Creatures
  Rupert (Orc:2)
  Gastronok (D:9)
  A centaur warrior (D:13)
  A tengu warrior (D:12)
  Urug (D:12)
  2 hill giants
  A cyclops (D:13)
  An elephant (D:11)
  A gargoyle (D:10)
  A komodo dragon (D:11)
  A kobold demonologist (D:12)
  4 trolls
  3 two-headed ogres
  A wyvern (D:11)
  A trapdoor spider (D:12)
  Grum (D:9)
  A hungry ghost (D:10)
  2 hippogriffs
  Menkaure (D:7)
  A mottled dragon (D:12)
  4 vampire mosquitoes (D:12)
  A soldier ant (D:13)
  2 wolves (D:9)
  2 water moccasins
  3 phantoms
  An eye of draining (D:12)
  7 orc warriors
  A black bear (D:8)
  5 sky beasts
  A necrophage (D:6)
  9 ogres
  4 centaurs
  A crocodile (D:6)
  5 elf zombies (Ossuary)
  A big kobold (D:10)
  The ghost of HEYYEYAAE the Ducker, an amateur SpFi (D:4)
  Blork the orc (D:4)
  5 giant frogs
  A water moccasin skeleton (D:8)
  5 wights
  5 killer bees (D:13)
  5 scorpions
  3 troll skeletons (Lab)
  A spriggan skeleton (Lab)
  2 lava snakes (Lab)
  3 jellies
  4 crimson imps
  2 giant frog zombies (D:12)
  8 centaur zombies
  16 orc priests
  2 giant frog skeletons (D:12)
  16 orc wizards
  5 hounds
  2 human zombies (Ossuary)
  Terence (D:2)
  5 worker ants
  3 iguanas
  2 sheep (D:11)
  3 mummies (Ossuary)
  A hound zombie (D:10)
  A hound skeleton (D:6)
  A worker ant zombie (D:9)
  11 adders
  A shadow imp (D:5)
  A giant eyeball (Orc:1)
  An ooze (D:2)
  An adder zombie (D:9)
  4 worms
  A giant gecko (D:7)
  92 orcs
  5 ball pythons
  6 bats
  4 giant cockroaches
  2 gnoll zombies (D:8)
  4 hobgoblins
  9 jackals
  5 quokkas
  6 giant newts
  4 goblins
  7 kobolds
  A quokka skeleton (D:5)
  13 rats
  2 plants (D:12)
358 creatures vanquished.

Vanquished Creatures (collateral kills)
  A minotaur (Lab)
  The ghost of Aokaililo the Fighter, a novice CeFi of Okawaru (D:11)
  The ghost of Xenophilius the Blocker, a novice OpAs of Okawaru (D:8)
  2 hill giants (D:11)
  An ugly thing (D:12)
  A hungry ghost (D:11)
  A wasp (D:11)
  A sky beast (D:11)
  3 orc warriors
  A scorpion (D:11)
  5 wights
  2 lava snakes (Lab)
  A jelly (D:11)
  A centaur skeleton (D:11)
  An orc priest (Orc:2)
  A hound (D:6)
  2 orc wizards (Orc:2)
  A worker ant (D:12)
  An adder (D:6)
  10 orcs
  A kobold (D:10)
39 creatures vanquished.

Grand Total: 397 creatures vanquished

Notes
Turn   | Place    | Note
--------------------------------------------------------------
     0 | D:1      | HEYYEYAAE the Spriggan Fighter began the quest for the Orb.
     0 | D:1      | Reached XP level 1. HP: 11/11 MP: 2/2
   321 | D:1      | Reached XP level 2. HP: 16/16 MP: 3/3
   924 | D:2      | Noticed a moth of wrath
  1575 | D:2      | Reached XP level 3. HP: 20/20 MP: 4/4
  1599 | D:2      | Noticed Terence
  1617 | D:2      | Killed Terence
  1635 | D:2      | Found a shimmering altar of Xom.
  1635 | D:2      | Found an iron altar of Okawaru.
  1635 | D:2      | Found a shadowy altar of Dithmenos.
  1785 | D:2      | Reached skill level 5 in Dodging
  1852 | D:2      | Reached XP level 4. HP: 24/24 MP: 5/5
  1855 | D:2      | Found a bloodstained altar of Trog.
  2019 | D:3      | Reached skill level 1 in Armour
  2391 | D:3      | Found a deep blue altar of Sif Muna.
  2792 | D:4      | Noticed HEYYEYAAE's ghost (amateur SpFi)
  2822 | D:4      | Reached XP level 5. HP: 28/28 MP: 6/6
  2847 | D:4      | Found Yvew's Antique Weapon Shop.
  2914 | D:4      | Noticed Blork the orc
  2937 | D:4      | Killed Blork the orc
  3320 | D:4      | Killed HEYYEYAAE's ghost
  3320 | D:4      | Reached skill level 1 in Evocations
  3320 | D:4      | Reached XP level 6. HP: 13/33 MP: 4/8
  3697 | D:4      | Found a radiant altar of Vehumet.
  3800 | D:5      | Entered Level 5 of the Dungeon
  3908 | D:5      | Reached XP level 7. HP: 23/38 MP: 5/10
  3925 | D:5      | Reached skill level 6 in Dodging
  4193 | D:5      | Found a white marble altar of Elyvilon.
  4699 | D:5      | Reached skill level 5 in Fighting
  5004 | D:5      | Reached XP level 8. HP: 43/43 MP: 12/12
  5083 | D:7      | Reached skill level 5 in Evocations
  5119 | D:7      | Reached skill level 7 in Dodging
  5225 | D:7      | Noticed Menkaure
  5240 | D:7      | Killed Menkaure
  5855 | D:6      | Found a sparkling altar of Nemelex Xobeh.
  5891 | D:6      | Found a blossoming altar of Fedhas.
  5908 | D:6      | Became a worshipper of Nemelex Xobeh the Trickster
  5932 | D:6      | Received a gift from Nemelex Xobeh
  5947 | D:6      | Found a burning altar of Makhleb.
  6166 | D:6      | Found a staircase to the Ecumenical Temple.
  6726 | D:7      | Reached XP level 9. HP: 31/48 MP: 13/15
  7125 | D:7      | Reached skill level 8 in Dodging
  7382 | D:8      | Reached * piety under Nemelex Xobeh
  7460 | D:9      | Received a gift from Nemelex Xobeh
  7777 | D:8      | Found a sand-covered staircase.
  7782 | Ossuary  | Entered an ossuary
  7947 | Ossuary  | Reached skill level 9 in Dodging
  8235 | D:8      | Found a basalt altar of Yredelemnul.
  8264 | D:8      | Found a shattered altar of Ashenzari.
  8503 | D:8      | Noticed Xenophilius's ghost (novice OpAs)
  8532 | D:8      | Killed Xenophilius's ghost
  8532 | D:8      | Reached XP level 10. HP: 51/55 MP: 17/17
  8860 | D:9      | Noticed Gastronok
  8862 | D:9      | Noticed a red ugly thing
  8882 | D:9      | Killed Gastronok
  8882 | D:9      | Reached skill level 5 in Unarmed Combat
  9064 | D:9      | Found a burning altar of Makhleb.
  9192 | D:9      | Received a gift from Nemelex Xobeh
  9272 | D:9      | Found a staircase to the Orcish Mines.
  9315 | D:9      | Reached ** piety under Nemelex Xobeh
  9354 | D:9      | Reached skill level 10 in Evocations
  9549 | D:9      | Noticed Grum
  9557 | D:9      | Killed Grum
  9557 | D:9      | Reached skill level 10 in Dodging
  9764 | Orc:1    | Entered Level 1 of the Orcish Mines
  9826 | Orc:1    | Paralysed by a giant eyeball for 4 turns
 10463 | Orc:1    | Received a gift from Nemelex Xobeh
 10532 | Orc:1    | Reached skill level 5 in Armour
 11159 | Orc:2    | Noticed Rupert
 11159 | Orc:2    | Received a gift from Nemelex Xobeh
 11228 | Orc:2    | Gained mutation: You have sharp toenails. [potion of mutation]
 11228 | Orc:2    | Gained mutation: Your system is resistant to poisons. [potion of mutation]
 11228 | Orc:2    | Lost mutation: You have sharp toenails. [potion of mutation]
 11314 | Orc:2    | Killed Rupert
 11314 | Orc:2    | Reached skill level 11 in Evocations
 11314 | Orc:2    | Reached XP level 11. HP: 18/60 MP: 12/20
 11811 | Orc:2    | Reached *** piety under Nemelex Xobeh
 12220 | Orc:3    | Noticed an orc warlord
 12333 | D:10     | Entered Level 10 of the Dungeon
 12648 | D:10     | Received a gift from Nemelex Xobeh
 13256 | D:11     | Noticed a hill giant
 13272 | D:11     | Noticed a hill giant
 13273 | D:11     | Killed a hill giant
 13629 | D:11     | Noticed Aokaililo's ghost (novice CeFi)
 13660 | D:11     | Noticed a hill giant
 13663 | D:11     | Reached skill level 12 in Evocations
 13664 | D:11     | Killed Aokaililo's ghost
 13667 | D:11     | Killed a hill giant
 13685 | D:11     | Found Gabac's Jewellery Shop.
 13711 | D:11     | Bought a +3 ring of strength for 188 gold pieces
 13711 | D:11     | Bought the amulet of the Shining Light {Regen+ Str+4 Dex+6} for 696 gold pieces
 13737 | D:11     | Killed a hill giant
 13988 | D:11     | Received a gift from Nemelex Xobeh
 14003 | D:11     | Reached **** piety under Nemelex Xobeh
 14233 | D:11     | Found a staircase to the Lair.
 14284 | D:11     | Received a gift from Nemelex Xobeh
 14589 | D:12     | Noticed a tengu warrior
 14598 | D:12     | Killed a tengu warrior
 14598 | D:12     | Reached XP level 12. HP: 55/67 MP: 22/22
 14671 | D:12     | Noticed Urug
 14720 | D:12     | Killed Urug
 14831 | D:12     | Received a gift from Nemelex Xobeh
 14852 | D:12     | Found a labyrinth entrance.
 14861 | Lab      | Entered a labyrinth
 15579 | Lab      | Received a gift from Nemelex Xobeh
 15656 | Lab      | Identified a scroll of acquirement
 17448 | Lab      | Noticed a minotaur
 17454 | Lab      | Killed a minotaur
 17454 | Lab      | Reached skill level 13 in Evocations
 17472 | Lab      | Got a twitching golden ring
 17508 | D:12     | Identified the ring "Yquuh" {*Drain rF+++ rC+ MR- Int+2} (You found it in a labyrinth)
 17524 | D:12     | Learned a level 6 spell: Haste
 17555 | D:12     | Noticed a hill giant
 17564 | D:12     | Killed a hill giant
 17626 | D:12     | Reached skill level 1 in Spellcasting
 18026 | D:13     | Reached skill level 1 in Charms
 18033 | D:13     | Noticed a centaur warrior
 18065 | D:13     | Killed a centaur warrior
 18128 | D:13     | Slain by a sun demon

Action                   |  1- 3 |  4- 6 |  7- 9 | 10-12 || total
-------------------------+-------+-------+-------+-------++-------
Melee: Unarmed           |    80 |       |       |       ||    80
       Hand axe          |    16 |       |       |       ||    16
       Trident           |    24 |   195 |   436 |   891 ||  1546
Invok: Deal Four         |       |       |       |     1 ||     1
Evoke: Deck              |       |       |     7 |    49 ||    56
       Wand              |       |       |    16 |    25 ||    41
  Use: Scroll            |     4 |       |    12 |    13 ||    29
       Potion            |       |     4 |    12 |     3 ||    19
 Stab: Sleeping          |     6 |     3 |     2 |     4 ||    15
       Distracted        |     1 |       |       |     6 ||     7
       Confused          |       |       |     2 |     7 ||     9
  Eat: Bread ration      |       |       |     1 |     3 ||     4
       Fruit             |       |       |       |     2 ||     2
